 Dungeon Crawl Stone Soup version 0.27.1-3-gb3d3a73c9e (webtiles) character file.

Game seed: 9576187549323415467

51569 Urokeeper the Impaler (level 14, -14/234 HPs)
             Began as a Minotaur Berserker on Oct 26, 2021.
             Was a High Priest of Trog.
             Demolished by a komodo dragon (18 damage)
             ... on level 6 of the Lair of Beasts.
             The game lasted 00:41:16 (20215 turns).

Urokeeper the Impaler (Minotaur Berserker)         Turns: 20215, Time: 00:41:17

Health: -14/234    AC: 24    Str: 25    XL:     14   Next: 23%
Magic:  13/13      EV: 12    Int:  4    God:    Trog [*****.]
Gold:   1135       SH:  0    Dex: 12    Spells: 13/13 levels left

rFire    . . .     SeeInvis +   s - +8 quarterstaff (chaos)
rCold    . . .     Faith    +   (shield currently unavailable)
rNeg     . . .     Spirit   .   B - +0 plate armour
rPois    +         Reflect  .   (helmet restricted)
rElec    .         Harm     .   t - +2 cloak {rCorr}
rCorr    +         Rampage  .   p - +1 pair of gloves
Will     +....                  H - +0 pair of boots
Stlth    ..........             N - amulet of faith
HPRegen  0.49/turn              j - ring of poison resistance
MPRegen  0.13/turn              w - ring of see invisible

@: berserking (expiring), lethally poisoned (-14 -> -57), very quick
A: horns 2, retaliatory headbutt, robust 2, MP-powered wands
a: Renounce Religion, Berserk, Trog's Hand, Brothers in Arms


You were on level 6 of the Lair of Beasts.
You worshipped Trog.
Trog was extremely pleased with you.
You visited 2 branches of the dungeon, and saw 19 of its levels.

You collected 1135 gold pieces.

Inventory:

Hand Weapons
 s - a +8 quarterstaff of chaos (weapon)
 M - a +2 battleaxe
 T - a +3 vorpal glaive
Missiles
 r - 2 throwing nets (quivered)
Armour
 p - a +1 pair of gloves (worn)
 t - a +2 cloak of preservation (worn)
 B - a +0 plate armour (worn)
 H - a +0 pair of boots (worn)
 I - a +2 tower shield
Jewellery
 j - a ring of poison resistance (left hand)
 w - a ring of see invisible (right hand)
 L - a ring of flight
 N - an amulet of faith (around neck)
 P - a ring of willpower
 R - a ring of fire
 S - a ring of fire
Wands
 A - a wand of charming (18)
 F - a wand of iceblast (20)
 J - a wand of polymorph (6)
 K - a wand of flame (60)
Scrolls
 b - 3 scrolls of vulnerability
 g - 3 scrolls of immolation
 h - a scroll of torment
 m - 4 scrolls of enchant armour
 u - 6 scrolls of holy word
 y - 6 scrolls of teleportation
 C - 7 scrolls of blinking
 D - a scroll of fear
 E - 2 scrolls of noise
 O - 2 scrolls of magic mapping
 Q - a scroll of acquirement {unknown}
 U - a scroll of summoning
Potions
 c - 3 potions of lignification
 d - 2 potions of magic
 e - 11 potions of curing
 f - 2 potions of flight
 i - 2 potions of berserk rage
 k - 4 potions of ambrosia
 l - a potion of might
 n - 3 potions of heal wounds
 o - 4 potions of mutation
 q - a potion of resistance
 v - 3 potions of haste
 x - 3 potions of attraction {unknown}
 z - 4 potions of degeneration {unknown}
 G - a potion of brilliance
Miscellaneous
 a - a phial of floods


   Skills:
 + Level 13.9 Fighting
 - Level 5.8(12.4) Axes
 - Level 16.5(16.8) Polearms
 * Level 0.4(11.1) Staves
 + Level 13.6 Armour
 + Level 12.7 Dodging


You had 13 spell levels left.
You didn't know any spells.
Your spell library was empty.

Dungeon Overview and Level Annotations

Branches:
Dungeon (13/15)            Temple (0/1) D:5            Lair (6/6) D:8
  Swamp (0/4) Lair:3       Spider (0/4) Lair:4        Slime (0/5) Lair:5
    Orc (0/2) D:11
 Vaults: D:13-14

Altars:
Cheibriados
Elyvilon
Fedhas
Hepliaklqana
Nemelex Xobeh
Okawaru
Qazlal
Trog
Uskayaw
Wu Jian
Xom
Yredelemnul
Jiyva

Shops:
D:2 [   D:6 (   D:8 (   D:13 [[

Annotations:
D:6 2 transporters, Urokeeper's ghost, novice KoBr
D:13 4 runed translucent doors, Frances
Lair:4 3 runed translucent doors, runemage's ghost, journeyman GnFi
Lair:5 1 runed translucent door
Lair:6 Rupert


Innate Abilities, Weirdness & Mutations

You have a pair of horns on your head.
You reflexively headbutt those who attack you in melee.
You are very robust. (+20% HP)
You expend magic power (3 MP) to strengthen your wands.


Message History

Rupert barely misses you. You furiously retaliate!
You headbutt Rupert.
Your plate armour prevents you from hitting Rupert.
You headbutt Rupert!!
Rupert is heavily wounded.
You feel very sick.
You closely miss Rupert.
Rupert is heavily wounded.
You feel very sick.
Rupert hits you with a +1 great mace of venom!
You are more poisoned.
You sock Rupert!
Rupert flickers and vanishes for a moment.
Rupert is heavily wounded.
You feel very sick. Rupert hits you but does no damage.
You are more poisoned.
You thump Rupert!
Rupert seems to grow stronger.
Your headbutt misses Rupert.
Rupert is severely wounded.
You feel very sick.
Rupert hits you with a +1 great mace of venom!!
* * * LOW HITPOINT WARNING * * *
You sock Rupert!
Rupert looks as sick as possible!
Rupert is severely wounded.
* * * LOW HITPOINT WARNING * * *
You feel very sick.
Rupert hits you with a +1 great mace of venom!
* * * LOW HITPOINT WARNING * * *
You bludgeon Rupert!! Lightning courses through Rupert! You headbutt Rupert.
Rupert is almost dead.
* * * LOW HITPOINT WARNING * * *
You feel very sick.
You sock Rupert!
Rupert is almost dead.
* * * LOW HITPOINT WARNING * * *
You feel very sick.
Rupert hits you with a +1 great mace of venom!!
* * * LOW HITPOINT WARNING * * *
You are more poisoned.
The komodo dragon bites you!!
You die...

#..............
###...........#
##.....P..##..#
##.....######P..
#....†.# #...
###.†.P### ..##
## #P...### ####
##.###†...#
#.#..l@#.##
#...@#.##
####....###
.....#...##
.........P#
.....##..##
##.......#
#.........#
##.......#..#


You could see Rupert (berserk, strong, invisible, extremely poisoned, drained)
and a komodo dragon.

Vanquished Creatures
  Josephine (Lair:4)
  3 hydras
  3 boulder beetles
  2 centaur warriors (D:13)
  5 two-headed ogres
  7 death yaks
  Nergalle (D:11)
  A deep elf pyromancer (D:13)
  A necromancer (Lair:4)
  3 ugly things
  2 manticores
  5 elephants
  Maurice (D:12)
  2 black mambas
  10 cane toads
  A black mamba (shapeshifter) (Lair:1)
  A gargoyle (D:12)
  5 rime drakes
  2 ice devils (Lair:5)
  14 komodo dragons
  A queen bee (D:10)
  A polar bear (Lair:4)
  Grinder (D:5)
  A hornet (D:7)
  4 slime creatures (D:13)
  13 blink frogs
  Prince Ribbit (D:8)
  A redback (Lair:4)
  5 wraiths
  A shadow (D:11)
  38 yaks
  A vampire (D:6)
  9 wyverns
  3 basilisks
  A steam dragon (D:10)
  Menkaure (D:6)
  3 wargs (D:11)
  16 water moccasins
  Duvessa (D:4)
  6 orc warriors
  2 ice beasts (D:7)
  A sky beast (D:6)
  2 black bears (Lair:1)
  A boggart (Lair:3)
  2 ogres
  15 wolves
  7 centaurs
  2 kobold brigands
  2 phantoms
  A gnoll sergeant (D:10)
  16 bullfrogs
  A scorpion (D:4)
  Dowan (D:4)
  20 wights
  33 killer bees
  3 howler monkeys
  A bullfrog zombie (D:6)
  2 centaur zombies
  2 hounds
  Crazy Yiuf (D:3)
  2 bullfrog skeletons
  6 orc priests
  A jelly (D:7)
  A gnoll shaman (D:10)
  8 iguanas
  A scorpion zombie (D:5)
  3 orc wizards
  A killer bee zombie (D:7)
  6 yak simulacra (Lair:4)
  2 polar bear simulacra (Lair:4)
  2 wolf simulacra (Lair:4)
  A hound skeleton (D:4)
  2 howler monkey zombies
  14 gnolls
  4 adders
  2 white imps
  2 ufetubi
  An adder skeleton (D:4)
  4 worms
  2 dart slugs
  24 orcs
  9 endoplasms
  A giant cockroach (D:3)
  2 hobgoblins
  16 kobolds
  3 quokkas
  5 ball pythons
  2 bats
  A frilled lizard (D:1)
  6 goblins
  4 rats
  A river rat simulacrum (Lair:4)
432 creatures vanquished.

Vanquished Creatures (collateral kills)
  A centaur (D:13)
1 creature vanquished.

Vanquished Creatures (others)
  16 fungi
  38 plants
54 creatures vanquished.

Grand Total: 487 creatures vanquished

Notes
Turn   | Place    | Note
-------+----------+-------------------------------------------
     0 | D:1      | Urokeeper the Minotaur Berserker began the quest for the
                  | Orb.
     0 | D:1      | Reached XP level 1. HP: 19/19 MP: 0/0
   307 | D:1      | Reached XP level 2. HP: 15/27 MP: 1/1
   655 | D:1      | Found a faded altar of an unknown god.
  1470 | D:2      | Reached XP level 3. HP: 19/33 MP: 2/2
  1680 | D:2      | Found Coorch's Antique Armour Shoppe.
  1994 | D:3      | Reached ** piety under Trog
  2165 | D:3      | Reached XP level 4. HP: 39/40 MP: 3/3
  2726 | D:3      | Found a runed translucent door.
  2727 | D:3      | Noticed Crazy Yiuf
  2735 | D:3      | Killed Crazy Yiuf
  2815 | D:3      | Gained mutation: You expend magic power (3 MP) to
                  | strengthen your wands. [potion of mutation]
  2815 | D:3      | Gained mutation: You are robust. (+10% HP) [potion of
                  | mutation]
  2815 | D:3      | Gained mutation: You are very robust. (+20% HP) [potion of
                  | mutation]
  2944 | D:4      | Reached skill level 1 in Polearms
  2964 | D:4      | Reached XP level 5. HP: 56/56 MP: 4/4
  3076 | D:4      | Found a white marble altar of Elyvilon.
  3077 | D:4      | Found a basalt altar of Yredelemnul.
  3078 | D:4      | Found a hazy altar of Hepliaklqana.
  3127 | D:4      | Found an iron altar of Okawaru.
  3146 | D:4      | Reached skill level 2 in Polearms
  3371 | D:4      | Noticed Duvessa
  3371 | D:4      | Noticed Dowan
  3374 | D:4      | Killed Dowan
  3375 | D:4      | Reached XP level 6. HP: 66/66 MP: 5/5
  3378 | D:4      | Killed Duvessa
  3379 | D:4      | Reached skill level 5 in Fighting
  3379 | D:4      | Reached skill level 3 in Polearms
  3744 | D:5      | Entered Level 5 of the Dungeon
  3787 | D:5      | Noticed Grinder
  3788 | D:5      | Paralysed by Grinder for 3 turns
  3809 | D:5      | Killed Grinder
  3810 | D:5      | Reached skill level 4 in Polearms
  3810 | D:5      | Reached XP level 7. HP: 73/73 MP: 6/6
  3862 | D:5      | Found a snail-covered altar of Cheibriados.
  3883 | D:5      | Found a staircase to the Ecumenical Temple.
  3948 | D:5      | Reached skill level 5 in Polearms
  4056 | D:5      | Found a blossoming altar of Fedhas.
  4263 | D:5      | Reached skill level 5 in Armour
  4477 | D:5      | Found a bloodstained altar of Trog.
  4591 | D:6      | Found a transporter.
  4600 | D:6      | Noticed Urokeeper's ghost (novice KoBr)
  4603 | D:6      | Found a transporter.
  4607 | D:6      | Reached skill level 5 in Dodging
  4607 | D:6      | Reached XP level 8. HP: 84/84 MP: 7/7
  4663 | D:6      | Reached skill level 6 in Polearms
  5070 | D:6      | Reached *** piety under Trog
  5071 | D:6      | Reached skill level 7 in Polearms
  5323 | D:6      | Noticed Menkaure
  5327 | D:6      | Killed Menkaure
  5711 | D:6      | Found Gotitaqi's Antique Weapon Emporium.
  5726 | D:6      | Reached skill level 8 in Polearms
  5726 | D:6      | Reached XP level 9. HP: 56/94 MP: 8/8
  6276 | D:7      | Reached skill level 9 in Polearms
  6509 | D:7      | Found a sparkling altar of Nemelex Xobeh.
  6952 | D:8      | Found a hide-covered altar of Uskayaw.
  6972 | D:8      | Reached **** piety under Trog
  6983 | D:8      | Reached skill level 10 in Polearms
  7029 | D:8      | Noticed a boulder beetle
  7163 | D:8      | Noticed Prince Ribbit
  7172 | D:8      | Killed Prince Ribbit
  7204 | D:8      | Reached XP level 10. HP: 108/108 MP: 9/9
  7268 | D:8      | Found Zyjer's Weapon Boutique.
  7610 | D:8      | Found a shimmering altar of Xom.
  7632 | D:8      | Killed a boulder beetle
  7755 | D:8      | Found an ornate altar of the Wu Jian Council.
  7851 | D:8      | Found a staircase to the Lair.
  8472 | D:9      | Reached skill level 11 in Polearms
  8767 | D:9      | Found a stormy altar of Qazlal.
  9328 | D:10     | Entered Level 10 of the Dungeon
  9481 | D:10     | Reached skill level 12 in Polearms
  9491 | D:10     | Reached ***** piety under Trog
  9740 | D:10     | Reached XP level 11. HP: 117/118 MP: 10/10
  9924 | D:10     | Reached skill level 10 in Fighting
 10750 | D:11     | Found a staircase to the Orcish Mines.
 10981 | D:11     | Found a gate leading to a gauntlet.
 11288 | D:11     | Noticed a white ugly thing
 11300 | D:11     | Killed a white ugly thing
 11489 | D:11     | Noticed a two-headed ogre
 11490 | D:11     | Noticed a boulder beetle
 11497 | D:11     | Killed a two-headed ogre
 11498 | D:11     | Reached skill level 13 in Polearms
 11498 | D:11     | Reached skill level 10 in Armour
 11510 | D:11     | Killed a boulder beetle
 11629 | D:11     | Noticed Nergalle
 11640 | D:11     | Killed Nergalle
 11696 | D:11     | Noticed a two-headed ogre
 11703 | D:11     | Killed a two-headed ogre
 12345 | D:12     | Noticed a two-headed ogre
 12354 | D:12     | Killed a two-headed ogre
 12386 | D:12     | Noticed a two-headed ogre
 12397 | D:12     | Killed a two-headed ogre
 12442 | D:12     | Noticed a two-headed ogre
 12451 | D:12     | Killed a two-headed ogre
 12452 | D:12     | Reached skill level 10 in Dodging
 12452 | D:12     | Reached XP level 12. HP: 124/132 MP: 11/11
 12668 | D:12     | Reached skill level 14 in Polearms
 12849 | D:12     | Noticed Maurice
 12859 | D:12     | Killed Maurice
 13020 | D:12     | Received a gift from Trog
 13590 | D:13     | Found Suymuwk's Antique Armour Boutique.
 13739 | D:13     | Noticed a centaur warrior
 13752 | D:13     | Killed a centaur warrior
 13768 | D:13     | Found a runed translucent door.
 13784 | D:13     | Found a runed translucent door.
 13806 | D:13     | Found a runed translucent door.
 13821 | D:13     | Found a runed translucent door.
 13839 | D:13     | Noticed a centaur warrior
 13851 | D:13     | Killed a centaur warrior
 13896 | D:13     | Noticed a boulder beetle
 13905 | D:13     | Killed a boulder beetle
 13971 | D:13     | Found Bainett's Antique Armour Boutique.
 14033 | D:13     | Noticed Frances
 14142 | Lair:1   | Entered Level 1 of the Lair of Beasts
 14331 | Lair:1   | Noticed a four-headed hydra
 14339 | Lair:1   | a four-headed hydra changed into a shapeshifter
 14773 | Lair:1   | Reached skill level 15 in Polearms
 14966 | Lair:1   | Noticed an eight-headed hydra
 14976 | Lair:1   | Killed an eight-headed hydra
 16260 | Lair:3   | You fall into a shaft and drop 2 floors!
 16273 | Lair:5   | Reached skill level 5 in Axes
 16308 | Lair:4   | Reached XP level 13. HP: 101/141 MP: 12/12
 16335 | Lair:4   | Noticed Josephine
 16947 | Lair:3   | Found a staircase to the Swamp.
 17830 | Lair:4   | Found a runed translucent gate.
 17831 | Lair:4   | Found a runed translucent gate.
 17832 | Lair:4   | Found a runed translucent gate.
 17832 | Lair:4   | Noticed runemage's ghost (journeyman GnFi)
 17877 | Lair:4   | Killed Josephine
 18102 | Lair:4   | Reached skill level 16 in Polearms
 18219 | Lair:4   | Found a hole to the Spider Nest.
 18835 | Lair:5   | Received a gift from Trog
 19444 | Lair:5   | Found a runed translucent door.
 19444 | Lair:5   | Found a viscous altar of Jiyva.
 19445 | Lair:5   | Found a staircase to the Slime Pits.
 19445 | Lair:5   | Noticed an acid blob
 19591 | Lair:6   | Entered Level 6 of the Lair of Beasts
 19637 | Lair:6   | Reached XP level 14. HP: 137/154 MP: 13/13
 20198 | Lair:6   | Noticed Rupert
 20215 | Lair:6   | HP: 4/234 [Rupert (18)]
 20215 | Lair:6   | Demolished by a komodo dragon

Illustrated notes

Levels and vault maps discovered:
D:1:      dpeg_arrival_brainrot, layout_basic, chequers_ecumenical_altar_twisty
D:2:      layout_basic, serial_shops, nicolae_shop_competitors_out_of_business,
          hangedman_decor_growths, serial_bayou_pond_d, hex_medium,
          kennysheep_generic_room_3
D:3:      layout_basic, uniq_crazy_yiuf_cottage
D:4:      wander_river, layout_cave_pools, nicolae_overflow_hidden_temple,
          mainiacjoe_overflow_chevrons,
          chequers_temple_overflow_statue_of_worship, nrook_mini_backslash,
          uniq_duvessa
D:5:      layout_basic, mainiacjoe_overflow_brackets, trog_book,
          cheibriados_altar_1, minmay_temple_entry_sparse_star,
          minmay_fountain_box, uniq_grinder
D:6:      layout_basic, gammafunk_ghost_arena, serial_shops,
          kennysheep_little_box, amcnicky_mini_pool_small, chequers_jeans,
          dk_vineyard_1, minmay_microvault, uniq_menkaure
D:7:      layout_rooms, lemuel_tele_altar
D:8:      layout_basic, mainiacjoe_overflow_catch_the_wave,
          mainiacjoe_overflow_concentric_impassable, lair_entry_dummy,
          serial_shops, shop, chequers_serial_rivers_micro_b,
          nicolae_underground_beach, uniq_prince_ribbit1
D:9:      layout_loops_corners, nicolae_qazlal_general_emergency
D:10:     layout_loops_corners, special_room [special_room_bee]
D:11:     layout_loops_ring, minmay_orc_entry_guard_dogs,
          gauntlet_entry_generic, uniq_nergalle
D:12:     layout_cross, palyth_stone_intersect, uniq_maurice
D:13:     layout_layer_cave, serial_shops, nicolae_stop_n_shop_1,
          nicolae_square_shop, shop_fountains, minmay_statue_crystal_thing,
          uniq_nessos, uniq_frances
Lair:1:   layout_roguey, beast_lair_carwin_3, grunt_megastairs_4
Lair:2:   layout_small_grid
Lair:3:   beast_lair_carwin_large_1, layout_loops_ring, swamp_mist
Lair:4:   layout_misc_corridors, spider_nest_entry_rubble,
          gammafunk_ghost_split, eino_house_with_fridge, uniq_josephine
Lair:5:   layout_loops_ring, slime_altar_2, portal_ice_cave_demonic_guard,
          beast_lair_carwin_1, infiniplex_staircase_pool_2
Lair:6:   wormcave, layout_layer_cave, guppyfry_lair_end_dragon,
          gammafunk_ghost_cemetery, uniq_sonja, uniq_rupert

Skill      XL: |  1  2  3  4  5  6  7  8  9 10 11 12 13 |
---------------+----------------------------------------+-----
Axes           | 4 5 |  5.8
Fighting       | 4 5 6 7 8 9 11 12 13 | 13.9
Armour         | 3 4 5 6 8 9 10 11 13 | 13.6
Dodging        | 3 4 5 6 7 8 10 11 12 | 12.7
Polearms       | 1 2 4 5 8 10 12 13 15 16 | 16.5
Staves         | |  0.4

Action                   |  1- 3 |  4- 6 |  7- 9 | 10-12 | 13-15 || total
-------------------------+-------+-------+-------+-------+-------++-------
Melee: Hand axe          |    74 |    17 |       |       |       ||    91
       Headbutt          |     8 |    10 |    38 |   131 |   105 ||   292
       Quarterstaff      |       |    40 |   196 |   551 |   319 ||  1106
       Unarmed           |       |       |       |     2 |       ||     2
       Glaive            |       |       |       |       |   135 ||   135
Invok: Berserk           |       |     3 |     8 |    10 |     6 ||    27
       Trog's Hand       |       |       |       |     2 |       ||     2
       Brothers in Arms  |       |       |       |     1 |       ||     1
  Use: Potion            |       |     3 |     1 |     4 |       ||     8
       Scroll            |       |     1 |     7 |     7 |     6 ||    21
 Stab: Paralysed         |       |       |     3 |     2 |     1 ||     6
       Petrified         |       |       |     1 |       |       ||     1
Armor: Ring mail         |    20 |    13 |    65 |    31 |       ||   129
       Animal skin       |     1 |       |       |       |       ||     1
       Skin              |       |       |    22 |       |       ||    22
       Plate armour      |       |       |       |   252 |   206 ||   458
Dodge: Dodged            |    33 |    16 |   104 |   257 |   217 ||   627
